 Dungeon Crawl Stone Soup version 0.32-a0-871-ge202e49faa (webtiles) character file.

Game seed: 9062877117176177948

286604 shadizar the Convoker (level 21, 0/157 HPs)
             Began as a Djinni Conjurer on Mar 29, 2024.
             Was the Champion of Makhleb.
             Killed from afar by an eye of devastation (12 damage)
             ... with a bolt of devastation
             ... on level 1 of the Pits of Slime.
             The game lasted 01:13:24 (34596 turns).

shadizar the Convoker (Djinni Conjurer)            Turns: 34596, Time: 01:13:25

Health: 0/157      AC: 20    Str:  4    XL:     21   Next: 52%
Gold:   3265       EV:  2    Int: 43    God:    Makhleb [******] SH: 17 Dex: 12

rFire   + + +        W - staff of the Fray {Int+3 Conj Tloc}
rCold   . . .        a - +0 tower shield
rNeg    + + +        I - +6 scale mail of Servitude {Rampage rN+ Stlth+}
rPois   ∞            y - +2 hat
rElec   +            f - scarf {rC+ rF+}
rCorr   +            k - +1 pair of gloves of the Furrier {^Contam rN+ rCorr Int+4}
SInv    .            (boots unavailable)
Will    +....        E - amulet of regeneration
Stlth   ++           q - ring of Guxam {Fly rN+++ rCorr Int-3 Stlth-}
HPRegen 1.26/turn    n - ring of the Catamount {Wiz rElec Str-2 Int+8}
MPRegen 0.00/turn

%: rampage, wizardry (x1), infuse magic (-1 HP)
@: weak-willed, flying, studying Summonings
A: sickness immunity, fire resistance 2, cold vulnerability 1, float, innate
caster, HP casting, extra vitality 1
}: 2/15 runes: decaying, gossamer
a: Renounce Religion, Minor Destruction, Lesser Servant of Makhleb, Major
Destruction, Greater Servant of Makhleb


You were on level 1 of the Pits of Slime.
You worshipped Makhleb.
Makhleb was exalted by your worship.
You visited 8 branches of the dungeon, and saw 35 of its levels.
You also visited: Ossuary and Ice Cave.

You collected 4748 gold pieces.
You spent 1483 gold pieces at shops.

Inventory:

Armour
 a - a +0 tower shield (worn)
 f - a scarf of resistance (worn)
 k - the +1 pair of gloves of the Furrier (worn) {^Contam rN+ rCorr Int+4}
   (You took it off Nikola on level 4 of the Spider Nest)

   Int+4:     It affects your intelligence (+4).
   rN+:       It protects you from negative energy.
   ^Contam:   It causes magical contamination when unequipped.
   rCorr:     It protects you from acid and corrosion.
 l - the +4 pair of gloves of Ravioli {Int+4 Dex+4}
   (You acquired it on level 2 of the Elven Halls)

   Int+4:     It affects your intelligence (+4).
   Dex+4:     It affects your dexterity (+4).
 w - a +0 kite shield
 y - a +2 hat (worn)
 A - a +2 buckler
 I - the +6 scale mail of Servitude (worn) {Rampage rN+ Stlth+}
   (You found it on level 3 of the Swamp)

   rN+:       It protects you from negative energy.
   Rampage:   It bestows one free step when moving towards enemies.
   Stlth+:    It makes you more stealthy.
Magical Staves
 O - the staff of the Writhing Stork {rPois rC+ Int+4 Stlth- Tloc Ice}
   (You found it on level 13 of the Dungeon)

   [staff of cold]

   Base accuracy: +5 Base damage: 5 Base attack delay: 1.2 This weapon's minimum
   attack delay (0.6) is reached at skill level 12.
   Int+4:     It affects your intelligence (+4).
   rC+:       It protects you from cold.
   rPois:     It protects you from poison.
   Stlth-:    It makes you less stealthy.
   Tloc:      It increases the power of your Translocations spells.
   Ice:       It increases the power of your Ice spells.
   It falls into the 'Staves' category.
   It is a one-handed weapon.
 W - the staff of the Fray (weapon) {Int+3 Conj Tloc}
   (You found it on level 3 of the Elven Halls)

   [staff of conjuration]

   Base accuracy: +5 Base damage: 5 Base attack delay: 1.2 This weapon's minimum
   attack delay (0.6) is reached at skill level 12.
   Int+3:     It affects your intelligence (+3).
   Conj:      It increases the power of your Conjurations spells.
   Tloc:      It increases the power of your Translocations spells.
   It falls into the 'Staves' category.
   It is a one-handed weapon.
Jewellery
 b - a +5 ring of evasion
 n - the ring of the Catamount (right hand) {Wiz rElec Str-2 Int+8}
   (You acquired it on level 8 of the Dungeon)

   [ring of wizardry]

   Wiz:       It improves your spell success rate.
   Str-2:     It affects your strength (-2).
   Int+8:     It affects your intelligence (+8).
   rElec:     It insulates you from electricity.
 q - the ring of Guxam (left hand) {Fly rN+++ rCorr Int-3 Stlth-}
   (You bought it in a shop on level 2 of the Orcish Mines)

   [ring of flight]

   Int-3:     It affects your intelligence (-3).
   rN+++:     It renders you almost immune to negative energy.
   Fly:       It grants you flight.
   rCorr:     It protects you from acid and corrosion.
   Stlth-:    It makes you less stealthy.
 z - a +6 ring of strength
 C - a +6 ring of intelligence
 E - an amulet of regeneration (around neck)
 K - the ring "Qulol" {Fly rF+ Dex+4}
   (You took it off a deep elf demonologist on level 3 of the Elven Halls)

   [ring of flight]

   Dex+4:     It affects your dexterity (+4).
   rF+:       It protects you from fire.
   Fly:       It grants you flight.
 S - a ring of protection from cold
 U - the ring of Curiosity {rN+ EV+5 Int+2 Stlth+}
   (You took it off a deep elf pyromancer on level 3 of the Elven Halls)

   [ring of evasion]

   EV+5:      It affects your evasion (+5).
   Int+2:     It affects your intelligence (+2).
   rN+:       It protects you from negative energy.
   Stlth+:    It makes you more stealthy.
Wands
 m - a wand of charming (60)
 s - a wand of flame (43)
 F - a wand of warping (22)
 J - a wand of digging (24)
 M - a wand of polymorph (13)
 X - a wand of light (22)
Scrolls
 d - 3 scrolls of fear
 e - 5 scrolls of enchant armour
 h - 17 scrolls of teleportation
 o - 8 scrolls of enchant weapon
 p - 5 scrolls of revelation
 t - a scroll of silence
 u - 2 scrolls of blinking
 P - a scroll of fog
 T - 3 scrolls of summoning
Potions
 g - 17 potions of heal wounds
 i - 2 potions of berserk rage
 j - 10 potions of curing
 r - a potion of resistance {unknown}
 v - 4 potions of haste
 x - 6 potions of brilliance
 B - 3 potions of invisibility
 G - 3 potions of enlightenment
 Q - 5 potions of ambrosia
 R - 3 potions of cancellation


   Skills:
 - Level 16.0 Fighting
 - Level 13.0 Armour
 - Level 11.4 Dodging
 - Level 8.1 Stealth
 - Level 14.0 Shields
 + Level 19.7 Spellcasting
 + Level 19.7 Conjurations
 + Level 19.7 Hexes
   Level 0.0 Charms
 + Level 20.1 Summonings
 + Level 19.7 Necromancy
 + Level 19.7 Translocations
   Level 0.0 Transmutations
 + Level 19.7 Fire Magic
 + Level 19.7 Ice Magic
 + Level 19.7 Air Magic
 + Level 19.7 Earth Magic
 + Level 19.7 Alchemy


You knew the following spells:

 Your Spells              Type           Power      Damage    Failure   Level
a - Magic Dart            Conj           100%       1d8       1%          1
b - Searing Ray           Conj           100%       2d8       1%          2
c - Fulminant Prism       Conj/Alch      71%        3d29      1%          4
d - Iskenderun's Mystic   Conj/Tloc      100%       2d19      (+2d11%     4
e - Necrotise             Necr           100%       1d9       1%          1
f - Blink                 Tloc           100%       N/A       1%          2
g - Sigil of Binding      Hex            100%       N/A       1%          3
h - Ozocubu's Armour      Ice            100%       N/A       1%          3
i - Fireball              Conj/Fire      71%        3d27      1%          5
j - Metabolic Englaciati  Hex/Ice        59%        N/A       1%          5
k - Conjure Ball Lightni  Conj/Air       71%        3x3d26    3%          6
l - Monstrous Menagerie   Summ           60%        N/A       16%         7
m - Death Channel         Necr           59%        N/A       3%          6
n - Borgnjor's Revivific  Necr           59%        N/A       77%         8
Your spell library was empty.

Dungeon Overview and Level Annotations

Branches:
Dungeon (14/15)            Temple (1/1) D:5            Lair (5/5) D:10
  Swamp (4/4) Lair:2       Spider (4/4) Lair:2        Slime (2/5) Lair:4
    Orc (2/2) D:12            Elf (3/3) Orc:2        Vaults (0/5) D:13
Ossuary (visited)           IceCv (visited)

Altars:
Ashenzari
Cheibriados
Dithmenos
Elyvilon
Fedhas
Gozag
Hepliaklqana
Makhleb
Nemelex Xobeh
Okawaru
Qazlal
Ru
Trog
Uskayaw
Wu Jian
Xom
Yredelemnul
Zin
The Shining One
Beogh
Jiyva

Shops:
D:1 *   D:5 **   D:7 :   Orc:1 =   Orc:2 (=*[

Annotations:
D:12 1 transporter
Spider:3 3 runed translucent doors, Motium's ghost, adept SpEn; Qeaxauw's ghost, adept OnBr


Innate Abilities, Weirdness & Mutations

You are immune to sickness and miasma.
You are immune to poison.
Your flesh is very heat resistant. (rF++)
You are vulnerable to cold. (rC-)
You float through the air rather than walking.
You learn spells naturally, not from books.
Your magical power is your life essence.
You have superior vitality. (+4 MHP)


Message History

Confirm with . or Enter, or press ? or * to list all spells.
You feel a strong surge of power!
You erupt in a blast of force!
The mystic blast hits the eye of devastation!
The eye of devastation is moderately wounded.
The eye of devastation is knocked back by the mystic blast.
The mystic blast hits the quicksilver ooze.
The quicksilver ooze is lightly wounded.
The quicksilver ooze is knocked back by the mystic blast.
The mystic blast hits the rockslime!
The rockslime is severely wounded.
The formless jellyfish shimmers eerily.
The formless jellyfish blinks!
The formless jellyfish shimmers eerily.
The formless jellyfish blinks!
The rockslime hits you!!
You are shoved backwards!
The eye of devastation gazes at you. The bolt of devastation hits you!!
* * * LOW HITPOINT WARNING * * *
Unknown command.
Unknown command.
Unknown command.
Unknown command.
Casting: Iskenderun's Mystic Blast (safe; 1% risk of failure)
Confirm with . or Enter, or press ? or * to list all spells.
You feel a strong surge of power!
You erupt in a blast of force!
The mystic blast hits the formless jellyfish!
The formless jellyfish is moderately wounded.
The formless jellyfish is knocked back by the mystic blast.
The mystic blast hits the quicksilver ooze!!
The quicksilver ooze is severely wounded.
The mystic blast hits the rockslime!
The rockslime is almost dead.
* * * LOW HITPOINT WARNING * * *
The rockslime hits you!!
* * * LOW HITPOINT WARNING * * *
You are shoved backwards!
A golden eye comes into view.
The eye of devastation gazes at you. The bolt of devastation hits you!
You die...

................
......§.........
......J..........
..............#..
...G......J.....
#.#............
..#.G...J>..§....
........J..#.#...
.......@........
...........#....
#.....#...###....
##.........# ....
#..........# ...
#............# #.
##..........##
##.#...G..##


You could see 2 formless jellyfish, a rockslime, 2 eyes of devastation, a
quicksilver ooze and a golden eye (wandering).

Vanquished Creatures
  Nikola (Spider:4)
  Jorgrun (D:13)
  Mlioglotl (Spider:1)
  3 deep elf blademasters
  Frances (Swamp:2)
  5 acid blobs
  Agnes (Spider:3)
  The ghost of Yhemi the Marksgoblin, an adept CoHu of Hepliaklqana (Spider:2)
  Gastronok (D:9)
  The ghost of Picsou the Tortoise, an adept MiFi of Trog (Spider:4)
  A thorn hunter (Swamp:4)
  2 rockslimes (Slime:2)
  Aizul (Spider:3)
  Donald (Elf:3)
  5 deep elf sorcerers (Elf:3)
  A frost giant (IceCv)
  2 azure jellies
  2 deep elf elementalists (Elf:3)
  10 emperor scorpions
  An orc warlord (Orc:2)
  8 ghost moths
  2 formless jellyfish (Slime:2)
  A broodmother (Spider:4)
  4 quicksilver oozes
  4 deep elf demonologists
  4 deep elf death magi
  2 eleionomae (Swamp:4)
  Nessos (Lair:4)
  7 bunyips
  7 deep elf annihilators (Elf:3)
  A dire elephant (Lair:5)
  3 spark wasps
  Fannar (D:10)
  Josephine (D:13)
  3 deep elf high priests (Elf:3)
  2 shambling mangroves
  6 entropy weavers
  24 hydras
  7 alligators
  A spriggan air mage (Swamp:3)
  A boulder beetle (D:11)
  Erolcha (D:10)
  A catoblepas (Lair:5)
  A ghost crab (Swamp:2)
  2 radroaches
  An ogre mage (D:13)
  Erica (Orc:1)
  3 centaur warriors
  4 two-headed ogres
  11 death yaks
  27 dancing weapons
  A vampire mage (Elf:1)
  A deep troll shaman (Lair:5)
  A tengu warrior (D:13)
  A death scarab (Spider:4)
  A shock serpent (shapeshifter) (Elf:3)
  5 demonic crawlers (Spider:3)
  5 orc high priests
  A spriggan berserker (Swamp:4)
  2 spectral emperor scorpions (Spider:4)
  10 spriggans
  Sonja (Orc:2)
  A spectral ghost moth (Spider:4)
  13 deep elf knights
  Lodul (D:12)
  A death drake (Swamp:3)
  9 pharaoh ants
  A goliath frog (Swamp:3)
  3 shadow demons (Elf:1)
  14 deep elf archers
  3 sun moths
  9 swamp dragons (Swamp:4)
  9 spriggan druids
  8 bog bodies
  A death drake (shapeshifter) (Elf:1)
  A spectral wolf spider (Spider:4)
  7 orb spiders
  3 orc knights (Orc:2)
  An arcanist (D:14)
  Pikel (D:8)
  29 deep elf zephyrmancers
  4 steelbarb worms
  3 orc sorcerers
  29 deep elf pyromancers
  3 thermic dynamos
  An ugly thing (D:10)
  3 will-o-the-wisps
  A shining eye (Slime:2)
  2 oklob plants
  5 manticores
  23 wolf spiders
  A meliai (Lair:2)
  2 moths of wrath
  A meliai (shapeshifter) (D:14)
  3 kobold blastminers (Orc:2)
  14 elephants
  5 cyclopes
  A black mamba (Lair:4)
  An eye of devastation (Slime:2)
  An ice statue (IceCv)
  5 torpor snails
  An emperor scorpion simulacrum (Spider:4)
  4 gargoyles
  14 cane toads
  6 rime drakes
  An efreet (D:14)
  6 kobold demonologists
  15 komodo dragons
  3 bloated husks
  20 hornets
  9 trolls
  8 tyrant leeches
  14 polar bears
  25 tarantellas
  A glass eye (shapeshifter) (D:14)
  8 blink frogs
  27 slime creatures
  A spriggan (shapeshifter) (Elf:3)
  An air elemental (Elf:2)
  20 jumping spiders
  3 water elementals
  2 shadows
  14 culicivoras
  5 wyverns
  4 fire elementals
  4 basilisks
  Grum (D:11)
  4 wraiths (D:13)
  2 vampires
  55 yaks
  A steam dragon (D:8)
  3 wargs
  50 redbacks
  3 vampire mosquitoes (Swamp:2)
  9 water moccasins
  15 swamp worms
  Edmund (D:5)
  An acid dragon (D:12)
  5 swamp drakes (Swamp:4)
  26 orc warriors
  2 ice beasts
  2 sky beasts (D:7)
  9 black bears
  2 laughing skulls (D:13)
  4 boggarts
  37 wolves
  21 ogres
  3 centaurs
  3 lemures (D:8)
  2 phantoms
  6 kobold brigands
  A brain worm (shapeshifter) (D:13)
  11 bullfrogs
  2 earth elementals (Elf:2)
  2 scorpions
  3 entropy weaver simulacra (Spider:4)
  12 wights
  24 killer bees
  6 electric eels
  8 howler monkeys
  2 lava snakes (Lair:3)
  10 orc priests
  A bombardier beetle (D:5)
  4 gnoll boudas
  5 hounds
  25 jellies
  3 iguanas
  A sleepcap (D:5)
  22 orc wizards
  3 crocodile zombies (Ossuary)
  2 mummies (Ossuary)
  21 gnolls
  11 adders
  14 white imps
  4 dart slugs
  65 orcs
  19 endoplasms
  5 giant cockroaches
  4 gnoll zombies (Ossuary)
  4 goblins
  5 hobgoblins
  8 jackals
  7 quokkas
  2 ball pythons
  7 bats
  5 frilled lizards
  21 kobolds
  3 kobold zombies (Ossuary)
  3 rats (D:2)
  3 butterflies
1277 creatures vanquished.

Vanquished Creatures (others)
  A bloated husk (Swamp:1)
  A tyrant leech (Swamp:1)
  A boggart (Elf:1)
  9 ball lightnings
  6 foxfires
  18 fulminant prisms
36 creatures vanquished.

Grand Total: 1313 creatures vanquished

Notes
Turn   | Place    | Note
-------+----------+-------------------------------------------
     0 | D:1      | shadizar the Djinni Conjurer began the quest for the Orb.
     0 | D:1      | shadizar set off with the following spells memorised: Magic
                  | Dart, Searing Ray, Fulminant Prism, Iskenderun's Mystic
                  | Blast.
     0 | D:1      | Reached XP level 1. HP: 15/15 MP: 0/0
     1 | D:1      | You are sucked into a shaft and drop 1 floor!
    32 | D:2      | Reached XP level 2. HP: 13/21 MP: 0/0
    83 | D:2      | Reached skill level 4 in Summonings
   100 | D:2      | Found a shimmering altar of Xom.
   152 | D:2      | Reached XP level 3. HP: 19/25 MP: 0/0
   152 | D:2      | Learned a level 1 spell: Necrotise
   337 | D:2      | Found a faded altar of an unknown god.
   603 | D:1      | Reached XP level 4. HP: 28/31 MP: 0/0
   658 | D:1      | Found Baurr's Assorted Antiques.
  1174 | D:3      | Found an ornate altar of the Wu Jian Council.
  1417 | D:3      | Reached XP level 5. HP: 32/35 MP: 0/0
  1417 | D:3      | Learned a level 2 spell: Blink
  1457 | D:3      | Reached skill level 5 in Spellcasting
  1457 | D:3      | Reached skill level 5 in Conjurations
  1457 | D:3      | Reached skill level 5 in Hexes
  1457 | D:3      | Reached skill level 5 in Summonings
  1457 | D:3      | Reached skill level 5 in Necromancy
  1457 | D:3      | Reached skill level 5 in Translocations
  1457 | D:3      | Reached skill level 5 in Fire Magic
  1457 | D:3      | Reached skill level 5 in Ice Magic
  1457 | D:3      | Reached skill level 5 in Air Magic
  1457 | D:3      | Reached skill level 5 in Earth Magic
  1457 | D:3      | Reached skill level 5 in Alchemy
  1750 | D:3      | Identified the +0 leather armour of Fudghol {*Corrode rElec
                  | Str+5 Dex-3}
  2113 | D:4      | Reached XP level 6. HP: 21/40 MP: 0/0
  2423 | D:4      | Reached skill level 6 in Summonings
  2708 | D:4      | Reached XP level 7. HP: 23/45 MP: 0/0
  2708 | D:4      | Learned a level 3 spell: Sigil of Binding
  3315 | D:5      | Entered Level 5 of the Dungeon
  3698 | D:5      | Reached skill level 7 in Summonings
  3700 | D:5      | Reached XP level 8. HP: 28/50 MP: 0/0
  3849 | D:5      | Found a staircase to the Ecumenical Temple.
  3892 | D:5      | Identified the +10 plate armour of the Cartwright {Regen+
                  | Int-4 Dex+2}
  3899 | D:5      | Noticed Edmund
  3919 | D:5      | Killed Edmund
  3925 | D:5      | Reached skill level 8 in Summonings
  4373 | D:5      | Found Castrib's General Store.
  4420 | D:5      | Found Quschya's Specific Store.
  4597 | Temple   | Entered the Ecumenical Temple
  4877 | D:6      | Reached skill level 1 in Fighting
  4877 | D:6      | Reached skill level 1 in Armour
  5129 | D:6      | Found a burning altar of Makhleb.
  5274 | D:6      | Reached XP level 9. HP: 52/57 MP: 0/0
  5274 | D:6      | Learned a level 3 spell: Ozocubu's Armour
  5275 | D:6      | Became a worshipper of Makhleb the Destroyer
  5981 | D:7      | Reached skill level 9 in Summonings
  5982 | D:7      | Found Hesifelo's Book Emporium.
  6162 | D:7      | Found a sand-covered staircase.
  6204 | Ossuary  | Entered an ossuary
  6367 | Ossuary  | Reached * piety under Makhleb
  7238 | D:7      | Found a broken altar of Ashenzari.
  7432 | D:7      | Found a blossoming altar of Fedhas.
  7684 | D:8      | Noticed a hornet
  7691 | D:8      | Killed a hornet
  7692 | D:8      | Reached XP level 10. HP: 51/67 MP: 0/0
  7694 | D:8      | Reached skill level 5 in Dodging
  7805 | D:8      | Noticed a deep elf pyromancer
  7812 | D:8      | Killed a deep elf pyromancer
  7915 | D:8      | Reached ** piety under Makhleb
  8003 | D:8      | Found a hide-covered altar of Uskayaw.
  8071 | D:8      | Reached skill level 10 in Spellcasting
  8071 | D:8      | Reached skill level 10 in Conjurations
  8071 | D:8      | Reached skill level 10 in Hexes
  8071 | D:8      | Reached skill level 10 in Summonings
  8071 | D:8      | Reached skill level 10 in Necromancy
  8071 | D:8      | Reached skill level 10 in Translocations
  8071 | D:8      | Reached skill level 10 in Fire Magic
  8071 | D:8      | Reached skill level 10 in Ice Magic
  8071 | D:8      | Reached skill level 10 in Air Magic
  8071 | D:8      | Reached skill level 10 in Earth Magic
  8071 | D:8      | Reached skill level 10 in Alchemy
  8081 | D:8      | Noticed a two-headed ogre
  8088 | D:8      | Killed a two-headed ogre
  8089 | D:8      | Reached skill level 5 in Fighting
  8089 | D:8      | Reached skill level 5 in Armour
  8593 | D:8      | Noticed Pikel
  8605 | D:8      | Killed Pikel
  8606 | D:8      | Reached XP level 11. HP: 46/76 MP: 0/0
  8606 | D:8      | Learned a level 5 spell: Fireball
  8789 | D:8      | Identified a scroll of acquirement
  8789 | D:8      | Acquired the ring of the Catamount {Wiz rElec Str-2 Int+8}
  9222 | D:9      | Reached *** piety under Makhleb
  9257 | D:9      | Noticed Gastronok
  9458 | D:9      | Killed Gastronok
  9632 | D:9      | Found an opulent altar of Gozag.
  9849 | D:9      | Found a glowing golden altar of the Shining One.
  9907 | D:10     | Entered Level 10 of the Dungeon
  9913 | D:10     | Reached skill level 11 in Summonings
 10062 | D:10     | Noticed a brown ugly thing
 10065 | D:10     | Killed a brown ugly thing
 10322 | D:10     | Noticed Fannar
 10323 | D:10     | Reached XP level 12. HP: 60/84 MP: 0/0
 10550 | D:10     | Found a snail-covered altar of Cheibriados.
 10562 | D:10     | Found a hazy altar of Hepliaklqana.
 10607 | D:10     | Found a staircase to the Lair.
 10609 | D:10     | Noticed Erolcha
 10856 | D:10     | Reached **** piety under Makhleb
 10861 | D:10     | Killed Fannar
 11217 | Lair:1   | Entered Level 1 of the Lair of Beasts
 11223 | Lair:1   | Found a frozen archway.
 11401 | IceCv    | Entered an ice cave
 11673 | IceCv    | Reached skill level 12 in Summonings
 11767 | IceCv    | Reached ***** piety under Makhleb
 12004 | IceCv    | Noticed a death yak
 12005 | IceCv    | Noticed a death yak
 12008 | IceCv    | Killed a death yak
 12009 | IceCv    | Reached XP level 13. HP: 78/92 MP: 0/0
 12009 | IceCv    | Learned a level 5 spell: Metabolic Englaciation
 12436 | IceCv    | Reached skill level 13 in Summonings
 12445 | IceCv    | Noticed a frost giant
 12452 | IceCv    | Killed a frost giant
 12453 | IceCv    | Reached skill level 5 in Stealth
 14283 | Lair:2   | Found a hole to the Spider Nest.
 14460 | Lair:2   | Found a staircase to the Swamp.
 14845 | Lair:3   | Noticed a seven-headed hydra
 14849 | Lair:3   | Killed a seven-headed hydra
 14964 | Lair:3   | Reached ****** piety under Makhleb
 15227 | Lair:3   | Reached XP level 14. HP: 93/99 MP: 0/0
 15812 | Lair:4   | Reached skill level 14 in Summonings
 15829 | Lair:4   | Noticed Nessos
 15831 | Lair:4   | Killed Nessos
 15905 | Lair:4   | Found a staircase to the Slime Pits.
 16858 | Lair:5   | Entered Level 5 of the Lair of Beasts
 17001 | Lair:5   | Found a hazy altar of Hepliaklqana.
 17309 | Lair:5   | Noticed a quicksilver ooze
 17309 | Lair:5   | Killed a quicksilver ooze
 17314 | Lair:5   | Killed an azure jelly
 17321 | Lair:5   | Reached skill level 10 in Dodging
 17321 | Lair:5   | Found a viscous altar of Jiyva.
 17506 | Lair:5   | Reached XP level 15. HP: 95/107 MP: 0/0
 17506 | Lair:5   | Learned a level 6 spell: Conjure Ball Lightning
 17811 | Lair:5   | Reached skill level 10 in Fighting
 17811 | Lair:5   | Reached skill level 10 in Armour
 17855 | Lair:5   | Reached skill level 15 in Spellcasting
 17855 | Lair:5   | Reached skill level 15 in Conjurations
 17855 | Lair:5   | Reached skill level 15 in Hexes
 17855 | Lair:5   | Reached skill level 15 in Summonings
 17855 | Lair:5   | Reached skill level 15 in Necromancy
 17855 | Lair:5   | Reached skill level 15 in Translocations
 17855 | Lair:5   | Reached skill level 15 in Fire Magic
 17855 | Lair:5   | Reached skill level 15 in Ice Magic
 17855 | Lair:5   | Reached skill level 15 in Air Magic
 17855 | Lair:5   | Reached skill level 15 in Earth Magic
 17855 | Lair:5   | Reached skill level 15 in Alchemy
 18741 | D:11     | Noticed Grum
 18748 | D:11     | Killed Grum
 19396 | D:12     | Noticed Lodul
 19402 | D:12     | Killed Lodul
 19901 | D:12     | Found a staircase to the Orcish Mines.
 19976 | D:12     | Found a transporter.
 20194 | Orc:1    | Entered Level 1 of the Orcish Mines
 20201 | Orc:1    | Noticed Erica
 20206 | Orc:1    | Killed Erica
 20550 | Orc:1    | Found Dackuot's Jewellery Emporium.
 20595 | Orc:2    | Entered Level 2 of the Orcish Mines
 20619 | Orc:2    | Reached skill level 16 in Summonings
 20623 | Orc:2    | Noticed Sonja
 20625 | Orc:2    | Killed Sonja
 21055 | Orc:2    | Found Iriestue's General Store.
 21171 | Orc:2    | Found Appiazu's Antique Weapon Boutique.
 21171 | Orc:2    | Found a staircase to the Elven Halls.
 21232 | Orc:2    | Found Ilue's Jewellery Boutique.
 21241 | Orc:2    | Bought an amulet of regeneration for 420 gold pieces
 21253 | Orc:2    | Bought the ring of Guxam {Fly rN+++ rCorr Int-3 Stlth-} for
                  | 607 gold pieces
 21309 | Orc:2    | Noticed an orc warlord
 21315 | Orc:2    | Reached XP level 16. HP: 42/113 MP: 0/0
 21383 | Orc:2    | Found a roughly hewn altar of Beogh.
 21432 | Orc:2    | Found Ilorusack's Antique Armour Shoppe.
 21441 | Orc:2    | Bought a pair of glowing gloves for 180 gold pieces
 22020 | D:13     | Found a gate to the Vaults.
 22038 | D:13     | Identified the staff of the Writhing Stork {rPois rC+ Int+4
                  | Stlth- Tloc Ice}
 22111 | D:13     | Noticed Jorgrun
 22116 | D:13     | Killed Jorgrun
 22386 | D:13     | Noticed Josephine
 22392 | D:13     | Killed Josephine
 23359 | Swamp:1  | Entered Level 1 of the Swamp
 23401 | Swamp:1  | Reached skill level 17 in Summonings
 23936 | Swamp:2  | Noticed Frances
 23943 | Swamp:2  | Killed Frances
 23944 | Swamp:2  | Reached XP level 17. HP: 101/121 MP: 0/0
 23944 | Swamp:2  | Learned a level 7 spell: Monstrous Menagerie
 24064 | Swamp:2  | Reached skill level 1 in Shields
 24913 | Swamp:3  | Identified the +6 scale mail of Servitude {Rampage rN+
                  | Stlth+}
 25036 | Swamp:4  | Entered Level 4 of the Swamp
 25600 | Swamp:4  | Reached skill level 18 in Summonings
 25650 | Swamp:4  | Got a decaying rune of Zot
 25699 | Swamp:4  | Reached XP level 18. HP: 128/128 MP: 0/0
 25849 | Spider:1 | Entered Level 1 of the Spider Nest
 25857 | Spider:1 | Noticed Mlioglotl
 25863 | Spider:1 | Noticed a hellephant
 25866 | Spider:1 | Killed Mlioglotl
 26417 | Spider:2 | Found a transporter.
 26422 | Spider:2 | Noticed Yhemi's ghost (adept CoHu)
 26649 | Spider:2 | Found a transporter.
 26904 | Spider:2 | Killed Yhemi's ghost
 26969 | Spider:2 | Identified the +0 scale mail of the Harvest {rC- MP+9 Int-4
                  | Dex+6}
 27214 | Spider:3 | Noticed Agnes
 27219 | Spider:3 | Killed Agnes
 27220 | Spider:3 | Reached skill level 5 in Shields
 27451 | Spider:3 | Identified the serpent talisman "Urrihud" {Dex+3 Slay+2}
 27451 | Spider:3 | Noticed Aizul
 27454 | Spider:3 | Killed Aizul
 27539 | Spider:3 | Reached skill level 19 in Summonings
 27718 | Spider:3 | Reached XP level 19. HP: 119/135 MP: 0/0
 27718 | Spider:3 | Learned a level 6 spell: Death Channel
 27731 | Spider:3 | Found a runed translucent gate.
 27731 | Spider:3 | Found a runed translucent gate.
 27731 | Spider:3 | Found a runed translucent gate.
 28406 | Spider:3 | Noticed Qeaxauw's ghost (adept OnBr)
 28407 | Spider:3 | Noticed Motium's ghost (adept SpEn)
 28438 | Spider:4 | Entered Level 4 of the Spider Nest
 28756 | Spider:4 | Found a transporter.
 28765 | Spider:4 | Noticed Picsou's ghost (adept MiFi)
 28766 | Spider:4 | Found a transporter.
 28794 | Spider:4 | Found the +3 pair of mountain boots {steadfast, rC+}
 28833 | Spider:4 | Identified the +1 pair of gloves of the Furrier {^Contam
                  | rN+ rCorr Int+4}
 28833 | Spider:4 | Noticed Nikola
 28847 | Spider:4 | Killed Nikola
 28848 | Spider:4 | Reached skill level 10 in Shields
 29018 | Spider:4 | Identified the +8 scimitar "Keneg" {venom, Int-2 Dex+3}
 29350 | Spider:4 | Got a gossamer rune of Zot
 29557 | Spider:4 | Killed Picsou's ghost
 29853 | D:10     | Killed Erolcha
 30137 | Orc:2    | Bought a tower shield for 108 gold pieces
 30137 | Orc:2    | Bought a dazzling leather armour for 168 gold pieces
 30137 | Orc:2    | Identified the +2 leather armour of the Secret Brambles
                  | {Rampage rPois Dex+4} (You bought it in a shop on level 2
                  | of the Orcish Mines)
 30203 | Elf:1    | Entered Level 1 of the Elven Halls
 30361 | Elf:1    | Identified the orb "Lieschi" {*channel, rPois Str-2 Int+2
                  | Conj Summ}
 30362 | Elf:1    | Reached XP level 20. HP: 116/145 MP: 0/0
 31226 | Elf:2    | Identified the +0 ring mail of Dice, Bag, and Bottle {MP-9
                  | Dex+3 Slay+2 SInv}
 31510 | Elf:2    | Acquired the +4 pair of gloves of Ravioli {Int+4 Dex+4}
 31728 | Elf:2    | Found a runed translucent gate.
 31728 | Elf:2    | Found a runed translucent gate.
 31729 | Elf:2    | Found a runed translucent gate.
 32128 | Elf:3    | Entered Level 3 of the Elven Halls
 32154 | Elf:3    | Noticed Donald
 32162 | Elf:3    | Killed Donald
 32203 | Elf:3    | Reached skill level 15 in Fighting
 32479 | Elf:3    | Reached XP level 21. HP: 98/156 MP: 0/0
 32479 | Elf:3    | Learned a level 8 spell: Borgnjor's Revivification
 32721 | Elf:3    | Identified the ring "Qulol" {Fly rF+ Dex+4}
 33308 | Elf:3    | Identified the +3 morningstar "Nublikh" {speed, Fly rPois
                  | rCorr Dex-4}
 33308 | Elf:3    | Identified the ring of Curiosity {rN+ EV+5 Int+2 Stlth+}
 33473 | Elf:3    | Identified the staff of the Fray {Int+3 Conj Tloc}
 33886 | Slime:1  | Entered Level 1 of the Pits of Slime
 34196 | Slime:2  | Reached skill level 20 in Summonings
 34596 | Slime:1  | Killed from afar by an eye of devastation

Illustrated notes

Levels and vault maps discovered:
D:1:      minmay_arrival_plants_in_alcoves, layout_rooms, serial_shops, shop
D:2:      layout_rooms, hellmonk_ecumenical_altar_leap_of_faith, basic_altar
D:3:      layout_basic, nicolae_wu_jian_wuxing_cycle, dreamdust_wishing_well
D:4:      layout_loops_corners, corexii_checkpoint
D:5:      layout_loops_ring, temple_doors_e, nicolae_specific_store, uniq_edmund
D:6:      layout_gridville, bloody_makhleb
D:7:      layout_basic, fedhas_altar_decomposition,
          nicolae_ashenzari_panopticon, serial_shops, shop, enter_ossuary_2
D:8:      layout_rooms, nicolae_uskayaw_murder_on_the_dancefloor, uniq_pikel
D:9:      layout_cave_pools, old_standard_altar, tso_altar, grunt_gozag_statues,
          uniq_gastronok
D:10:     layout_basic, amethyst_overflow_temple_binary,
          due_lair_maze_entry_diamond, minmay_circle_x, uniq_fannar,
          uniq_erolcha
D:11:     layout_roguey, uniq_grum
D:12:     layout_rooms, david_orc_4, nicolae_diode_basic, uniq_lodul
D:13:     layout_roguey, hangedman_vaults_entry_quadrant_bands, uniq_josephine,
          uniq_jorgrun
D:14:     layout_roguey, serial_bayou, serial_bayou_ford_a, serial_bayou_pond_d,
          serial_bayou_crossing, serial_bayou_lagoon_a,
          minmay_misc_feat_enclosed
Temple:   hellmonk_temple_two_chambers
Lair:1:   layout_loops_ring, portal_ice_cave_entry_imps, minivault_25,
          serial_bayou_shore_b
Lair:2:   layout_roguey, mainiacjoe_swamp_entry_angry_trees,
          hellmonk_spider_entry_not_the_bees, beast_lair_carwin_2,
          lemuel_fruit_fields, serial_bayou_shore_a, lemuel_fruit_fields
Lair:3:   layout_chaotic_city, nicolae_lair_liquid_snakes, lemuel_fruit_fields
Lair:4:   lemuel_slime, layout_long_grid, slime_entry_1, lemuel_fruit_fields,
          uniq_nessos
Lair:5:   grunt_lair_end_beastmaster, layout_cave_pods, special_room
          [special_room_jelly], basic_altar
Swamp:1:  layout_falls_marsh, evilmike_swamp_ruin_house_5,
          nicolae_swamp_decorative_isthmus
Swamp:2:  layout_basic_swamp, evilmike_swamp_ruin_rubble_1, uniq_frances
Swamp:3:  layout_basic_swamp, evilmike_swamp_ruin_house_2
Swamp:4:  swamp_basic_johnstein, layout_basic_swamp, infiniplex_staircase_pool
Spider:1: layout_spider_delve, guppyfry_spider_mini_2, uniq_mlioglotl
Spider:2: layout_spider_delve, nzn_ghost_randoct
Spider:3: layout_chambers, gammafunk_ghost_cemetery, uniq_aizul, uniq_agnes
Spider:4: spider_rune_water, gammafunk_ghost_mausoleum, uniq_nikola
Slime:1:  layout_caves
Slime:2:  layout_caves
Orc:1:    layout_caves, serial_shops, shop, uniq_erica
Orc:2:    grunt_orc_gardens, layout_caves, grunt_orc_garden, grunt_orc_garden,
          grunt_orc_garden, grunt_orc_garden, nicolae_orc_beogh_chapel,
          uniq_sonja
Elf:1:    minmay_elf_arrival_summoners, layout_gridlike,
          minmay_elf_crystal_heptagon, hangedman_summoners_spam
Elf:2:    nicolae_elf_blades_splatter_lattice [nicolae_blade_bullseye],
          layout_onion_city
Elf:3:    minmay_elf_hall_dome, layout_loops_cross, uniq_donald

Skill      XL: |  1  2  3  4  5  6  7  8  9 10 11 12 13 14 15 16 17 18 19 20 21 |
---------------+----------------------------------------------------------------+-----
Spellcasting   | 4 5 6 7 8 9 10 11 12 13 14 16 17 18 19 | 19.7
Conjurations   | 4 5 6 7 8 9 10 11 12 13 14 16 17 18 19 | 19.7
Hexes          | 4 5 6 7 8 9 10 11 12 13 14 16 17 18 19 | 19.7
Summonings     | 4 5 6 7 8 9 10 11 12 13 14 16 17 18 19 20 | 20.1
Necromancy     | 4 5 6 7 8 9 10 11 12 13 14 16 17 18 19 | 19.7
Translocations | 4 5 6 7 8 9 10 11 12 13 14 16 17 18 19 | 19.7
Fire Magic     | 4 5 6 7 8 9 10 11 12 13 14 16 17 18 19 | 19.7
Ice Magic      | 4 5 6 7 8 9 10 11 12 13 14 16 17 18 19 | 19.7
Air Magic      | 4 5 6 7 8 9 10 11 12 13 14 16 17 18 19 | 19.7
Earth Magic    | 4 5 6 7 8 9 10 11 12 13 14 16 17 18 19 | 19.7
Alchemy        | 4 5 6 7 8 9 10 11 12 13 14 16 17 18 19 | 19.7
Fighting       | 1 3 5 6 8 9 10 11 12 13 15 16 | 16.0
Armour         | 1 3 5 6 8 9 10 11 12 13 | 13.0
Dodging        | 4 6 8 10 11 | 11.4
Stealth        | 3 6 7 8 |  8.1
Shields        | 4 6 10 13 14 | 14.0

Action                     |  1- 3 |  4- 6 |  7- 9 | 10-12 | 13-15 | 16-18 | 19-21 || total
---------------------------+-------+-------+-------+-------+-------+-------+-------++-------
  Melee: Unarmed           |       |       |     2 |     2 |       |       |       ||     4
         Punch             |       |       |       |     1 |       |       |       ||     1
         Staff             |       |       |       |       |     3 |     1 |       ||     4
   Cast: Magic Dart        |    51 |   129 |   111 |    11 |     1 |       |       ||   303
         Iskenderun's Myst |       |     6 |    88 |   118 |   126 |   173 |   254 ||   765
         Searing Ray       |       |     1 |     1 |       |       |       |       ||     2
         Fulminant Prism   |       |       |     4 |     6 |     1 |     2 |     5 ||    18
         Fireball          |       |       |       |   106 |   355 |   392 |   304 ||  1157
         Conjure Ball Ligh |       |       |       |       |     1 |       |     3 ||     4
         Metabolic Englaci |       |       |       |       |     1 |       |     6 ||     7
         Monstrous Menager |       |       |       |       |       |       |     1 ||     1
    Use: Scroll            |       |       |    13 |     7 |    12 |     2 |     2 ||    36
         Potion            |       |       |       |       |     1 |       |       ||     1
 Armour: Robe              |     3 |    23 |    12 |     2 |    12 |    22 |       ||    74
         Ring mail         |       |       |     9 |    14 |    32 |    26 |       ||    81
         Scale mail        |       |       |       |       |       |    54 |   145 ||   199
  Dodge: Dodged            |     3 |    13 |    19 |    29 |    22 |    20 |     4 ||   110
  Block: Buckler           |       |       |       |       |       |     2 |     7 ||     9
         Tower shield      |       |       |       |       |       |       |    48 ||    48

Table legend: (Time is in decaauts)
 A = Elapsed time spent in this place.
 B = Non-inter-level travel time spent in this place.
 C = Inter-level travel time spent in this place.
 D = Time resting spent in this place.
 E = Time spent auto-exploring this place.
 F = Levels seen in this place.
 G = Mean time per level.
                   A        B        C        D        E       F      G
               +--------+--------+--------+--------+--------+-----+--------+
         Total |  34651 |  32583 |   2068 |      0 |  25840 |  37 |  936.5 |
       Dungeon |  14224 |  13467 |    757 |      0 |  11350 |  14 | 1016.0 |
        Temple |      3 |      3 |      0 |      0 |      0 |   1 |    3.0 |
          Lair |   6037 |   5356 |    681 |      0 |   4412 |   5 | 1207.4 |
         Swamp |   2498 |   2317 |    181 |      0 |   1713 |   4 |  624.5 |
   Spider Nest |   3856 |   3698 |    158 |      0 |   2704 |   4 |  964.0 |
    Slime Pits |    710 |    710 |      0 |      0 |    545 |   2 |  355.0 |
  Orcish Mines |   1753 |   1615 |    138 |      0 |   1293 |   2 |  876.5 |
   Elven Halls |   3502 |   3352 |    150 |      0 |   2176 |   3 | 1167.3 |
       Ossuary |    443 |    443 |      0 |      0 |    302 |   1 |  443.0 |
      Ice Cave |   1621 |   1621 |      0 |      0 |   1345 |   1 | 1621.0 |
               +--------+--------+--------+--------+--------+-----+--------+

Top non-repeatable levels by time:
Spider:3: 1627 daAuts
   IceCv: 1621 daAuts
   Elf:2: 1583 daAuts
  Lair:5: 1567 daAuts
     D:5: 1407 daAuts
     D:9: 1303 daAuts
     D:7: 1293 daAuts
  Lair:1: 1290 daAuts
     D:8: 1250 daAuts
     D:6: 1214 daAuts
     D:3: 1198 daAuts
   Elf:3: 1151 daAuts
  Lair:4: 1091 daAuts
    D:10: 1073 daAuts
    D:12: 1062 daAuts
